 Dungeon Crawl Stone Soup version 0.28.0-53-g5a82cb258f (webtiles) character file.

Game seed: 8331631682535211021

597 pkoi the Stinger (level 6, -3/45 HPs)
             Began as a Demigod Venom Mage on June 3, 2022.
             Slain by an ogre
             ... wielding a +0 giant spiked club
              (16 damage)
             ... on level 5 of the Dungeon.
             The game lasted 00:07:25 (6093 turns).

pkoi the Stinger (Demigod Venom Mage)               Turns: 6093, Time: 00:07:26

Health: -3/45      AC:  4    Str:  9    XL:     6   Next: 95%
Magic:  9/14       EV: 12    Int: 25    God:
Gold:   183        SH:  0    Dex: 14    Spells: 2/11 levels left

rFire   + . .      SeeInvis .   l - +6 club (spect)
rCold   . . .      Faith    .   (no shield)
rNeg    . . .      Spirit   .   a - +1 robe
rPois   .          Reflect  .   (no helmet)
rElec   .          Harm     .   (no cloak)
rCorr   .          Rampage  .   (no gloves)
Will    +....                   p - +0 pair of boots
Stlth   ++........              (no amulet)
HPRegen 0.15/turn               j - ring of willpower
MPRegen 0.14/turn               f - ring of protection from fire

@: no status effects
A: high MP 1, forlorn, divine attributes
a: no special abilities


You were on level 5 of the Dungeon.
You visited 1 branch of the dungeon, and saw 5 of its levels.

You collected 183 gold pieces.

Inventory:

Hand Weapons
 c - a +0 dagger
 d - a +0 short sword
 e - a +2 dagger of protection
 l - a +6 spectral club (weapon)
Missiles
 n - 6 poisoned darts
Armour
 a - a +1 robe (worn)
 p - a +0 pair of boots (worn)
Jewellery
 f - a ring of protection from fire (right hand)
 j - a ring of willpower (left hand)
Wands
 i - a wand of polymorph (8)
Scrolls
 g - 3 scrolls of enchant armour
 k - a scroll of identify
Potions
 b - a potion of brilliance
 h - a potion of lignification
 m - 3 potions of curing
 o - a potion of haste
 r - a potion of ambrosia


   Skills:
 - Level 1.7 Dodging
 - Level 1.7 Stealth
 + Level 3.4 Spellcasting
 + Level 2.7 Conjurations
 - Level 0.8 Transmutations
 + Level 2.6 Air Magic
 + Level 5.3 Poison Magic


You had 2 spell levels left.
You knew the following spells:

 Your Spells              Type           Power      Damage    Failure   Level
a - Sting                 Tmut/Pois      76%        1d6       2%          1
b - Poisonous Vapours     Pois/Air       48%        N/A       3%          2
c - Static Discharge      Conj/Air       17%        N/A       4%          2
d - Olgreb's Toxic Radia  Pois           30%        N/A       11%         4

Your spell library contained the following spells:

 Spells                   Type           Power      Damage    Failure   Level
 Mephitic Cloud           Conj/Pois/Air  22%        N/A       7%          3
 Confusing Touch          Hex            4%         N/A       28%         3
 Gell's Gravitas          Tloc           4%         N/A       28%         3
 Lesser Beckoning         Tloc           4%         N/A       28%         3
 Teleport Other           Tloc           4%         N/A       28%         3
 Sticky Flame             Conj/Fire      11%        2d3       50%         4
 Dispel Undead            Necr           4%         3d7       67%         4
 Passage of Golubria      Tloc           4%         N/A       67%         4
 Silence                  Hex/Air        5%         N/A       83%         5
 Yara's Violent Unravell  Hex/Tmut       3%         3d4       92%         5
 Enfeeble                 Hex            2%         N/A       100%        7
 Lehudib's Crystal Spear  Conj/Erth      5%         10d3      100%        8


Dungeon Overview and Level Annotations

Branches:
Dungeon (5/15)
 Temple: D:4-7

Shops:
D:2 [


Innate Abilities, Weirdness & Mutations

You have an increased reservoir of magic. (+10% MP)
You shall have no god before yourself.
Your divine heritage dramatically boosts your attributes as you level up.


Message History

An ogre comes into view. It is wielding a +0 giant spiked club.
The ogre shouts!
You can't see any susceptible monsters within range! (Use Z to cast anyway.)
You can't see any susceptible monsters within range! (Use Z to cast anyway.)
Casting: Sting (safe; 2% risk of failure)
Confirm with . or Enter, or press ? or * to list all spells.
Aiming: Poisonous Vapours (safe; 3% risk of failure)
Press: ? - help, Dir - move target, f - ogre
Aim: an ogre, wielding a +0 giant spiked club You miscast Poisonous Vapours.
You are very lightly contaminated with residual magic.
Nothing appears to happen.
Casting: Poisonous Vapours (safe; 3% risk of failure)
Confirm with . or Enter, or press ? or * to list all spells.
Aiming: Poisonous Vapours (safe; 3% risk of failure)
Press: ? - help, Dir - move target, f/p - ogre
Aim: an ogre, wielding a +0 giant spiked club Poisonous vapours surround the ogre!
The ogre is poisoned.
Aiming: Sting (safe; 2% risk of failure)
Press: ? - help, Q - select action, (/) - cycle Shift-Dir - straight line, f/p - ogre
Aim: an ogre, wielding a +0 giant spiked club (poisoned, 88% to hit)
The sting hits the ogre.
The ogre looks even sicker.
The ogre is lightly wounded.
Unknown command.
Aiming: Sting (safe; 2% risk of failure)
Press: ? - help, Q - select action, (/) - cycle Shift-Dir - straight line, f/p - ogre
Aim: an ogre, wielding a +0 giant spiked club (moderately wounded, very poisoned, 88% to hit)
The sting hits the ogre.
The ogre looks even sicker.
The ogre is moderately wounded.
The ogre hits you with a +0 giant spiked club!!
Ouch! That really hurt!
* * * LOW HITPOINT WARNING * * *
Your magical contamination has completely faded away.
Aiming: Sting (safe; 2% risk of failure)
Press: ? - help, Q - select action, (/) - cycle Shift-Dir - straight line, f/p - ogre
Aim: an ogre, wielding a +0 giant spiked club (severely wounded, poisoned, 88% to hit)
The sting hits the ogre.
The ogre looks even sicker.
The ogre is severely wounded.
The ogre hits you with a +0 giant spiked club!
You die...

#......#
####.....##
#.....##..#
#.....##..#
#.(.......##
##.##..##..##
####.......#
#..<...## .
##...@.# #..
##.#O.##....
###.....#
##..#.##.####
#..#### ....#
#..#####...###
##....#......
###.......#
###.......#


You could see an ogre (very poisoned).

Vanquished Creatures
  2 necrophages (D:4)
  An ogre (D:4)
  A hound (D:4)
  Jessica (D:2)
  Ijyb (D:3)
  An iguana (D:4)
  9 adders
  4 gnolls (D:4)
  An ufetubus (D:5)
  A worm (D:2)
  3 dart slugs (D:1)
  An orc (D:3)
  5 endoplasms
  6 giant cockroaches
  10 goblins
  9 hobgoblins
  2 jackals (D:1)
  12 kobolds
  6 quokkas
  14 ball pythons
  6 bats
  8 frilled lizards
  7 rats
111 creatures vanquished.

Vanquished Creatures (others)
  8 plants (D:3)
8 creatures vanquished.

Grand Total: 119 creatures vanquished

Notes
Turn   | Place    | Note
-------+----------+-------------------------------------------
     0 | D:1      | pkoi the Demigod Venom Mage began the quest for the Orb.
     0 | D:1      | Reached XP level 1. HP: 14/14 MP: 5/5
   146 | D:1      | Reached skill level 3 in Poison Magic
   273 | D:1      | Reached XP level 2. HP: 20/20 MP: 1/7
  1278 | D:1      | Reached XP level 3. HP: 26/26 MP: 2/8
  1431 | D:1      | Learned a level 2 spell: Poisonous Vapours
  1548 | D:1      | Reached skill level 4 in Poison Magic
  2076 | D:2      | Found Moyr's Antique Armour Emporium.
  2198 | D:2      | Noticed Jessica
  2219 | D:2      | Killed Jessica
  2220 | D:2      | Reached XP level 4. HP: 27/33 MP: 1/10
  2319 | D:2      | Learned a level 2 spell: Static Discharge
  4018 | D:3      | Noticed Ijyb
  4044 | D:3      | Killed Ijyb
  4045 | D:3      | Reached skill level 1 in Conjurations
  4045 | D:3      | Reached skill level 1 in Air Magic
  4045 | D:3      | Reached XP level 5. HP: 24/38 MP: 9/12
  4684 | D:4      | Noticed an ogre
  4704 | D:4      | Killed an ogre
  5019 | D:4      | Reached XP level 6. HP: 22/45 MP: 10/13
  5217 | D:4      | Learned a level 4 spell: Olgreb's Toxic Radiance
  5279 | D:4      | Reached skill level 5 in Poison Magic
  6004 | D:5      | Entered Level 5 of the Dungeon
  6029 | D:5      | Noticed a water moccasin
  6093 | D:5      | Slain by an ogre

Illustrated notes

Levels and vault maps discovered:
D:1:      dpeg_arrival_boxes_within_box, layout_basic,
          ebering_ecumenical_altar_abandoned, minmay_domino_4
D:2:      layout_loops_ring, serial_shops, shop, uniq_jessica
D:3:      layout_loops_ring, lexackson_kobold_supper, uniq_ijyb
D:4:      layout_loops_ring, kennysheep_ying_yang, minmay_snake_closets
D:5:      minmay_chambers_of_threes, layout_cave_pools, serial_bayou_pond_e

Skill      XL: |  1  2  3  4  5  6 |
---------------+-------------------+-----
Poison Magic   | 3 4 5 |  5.3
Spellcasting   | 2 3 |  3.4
Conjurations   | 1 2 |  2.7
Air Magic      | 1 2 |  2.6
Dodging        | |  1.7
Stealth        | |  1.7
Transmutations | |  0.8

Action                   |  1- 3 |  4- 6 || total
-------------------------+-------+-------++-------
Melee: Unarmed           |     3 |       ||     3
       Dagger            |    32 |       ||    32
       Club              |       |    56 ||    56
 Cast: Sting             |    89 |    88 ||   177
       Poisonous Vapours |       |     1 ||     1
  Use: Scroll            |     1 |    10 ||    11
       Potion            |     3 |       ||     3
 Stab: Distracted        |       |     3 ||     3
       Sleeping          |       |     4 ||     4
Armor: Robe              |    23 |     8 ||    31
Dodge: Dodged            |    57 |    36 ||    93
